 Dungeon Crawl Stone Soup version 0.22-a0-406-g9ff8d77 (webtiles) character file.

25 Borgoz the Skirmisher (level 3, 0/23 HPs)
             Began as a Gargoyle Abyssal Knight on May 8, 2018.
             Was a Follower of Lugonu.
             Slain by Natasha (4 damage)
             ... on level 2 of the Dungeon.
             The game lasted 00:00:46 (927 turns).

Borgoz the Skirmisher (Gargoyle Abyssal Knight)      Turns: 927, Time: 00:00:46

Health: 0/23       AC:  6    Str: 15    XL:     3   Next: 6%
Magic:  4/4        EV: 11    Int: 12    God:    Lugonu [*.....]
Gold:   100        SH:  0    Dex: 10    Spells: 2/2 levels left

rFire    . . .     SeeInvis .   a - +1 hand axe
rCold    . . .     Gourm    .   (no shield)
rNeg     + . .     Faith    .   b - +0 leather armour
rPois    ∞         Spirit   .   (no helmet)
rElec    +         Reflect  .   (no cloak)
rCorr    .         Harm     .   (no gloves)
MR       .....                  (no boots)
Stlth    +.........             (no amulet)
HPRegen  0.07/turn              (no ring)
MPRegen  0.09/turn              (no ring)

@: slowed, very slow
A: negative energy resistance 1, electricity resistance, unbreathing,
petrification resistance, rot immunity, AC +3
a: Depart the Abyss, Renounce Religion


You were on level 2 of the Dungeon.
You worshipped Lugonu.
Lugonu was aware of your devotion.
You were not hungry.

You visited 1 branch of the dungeon, and saw 2 of its levels.
You visited the Abyss 1 time.

You collected 100 gold pieces.

Inventory:

Hand Weapons
 a - a +1 hand axe (weapon)
Armour
 b - a +0 leather armour (worn)
Scrolls
 e - 2 scrolls of identify {unknown}
 g - a scroll of remove curse {unknown}
 i - a scroll of magic mapping {unknown}
Potions
 d - a potion of brilliance {unknown}
 f - a potion of flight {unknown}
 j - a potion of curing {unknown}
Comestibles
 c - 5 rations


   Skills:
 + Level 3.5 Fighting
 + Level 2.1 Axes
 + Level 2.5 Armour
 + Level 1.2 Dodging
 + Level 2.3 Invocations


You had 2 spell levels left.
You didn't know any spells.

Dungeon Overview and Level Annotations

Branches:
Dungeon (2/15)

Altars:
Vehumet

Annotations:
D:2 Natasha


Innate Abilities, Weirdness & Mutations

You are resistant to torment.
Your stone body is resilient. (AC +3)
You are immune to poison.
You resist negative energy. (rN+)
You are resistant to electric shocks. (rElec)
You can survive without breathing.
You are immune to petrification.
You are immune to rotting.


Message History

You are too injured to fight recklessly!
You completely miss Natasha. You barely miss the bat.
The bat closely misses you. Natasha claws you.
Natasha claws you but does no damage.
You barely miss Natasha. You closely miss the bat.
The bat completely misses you.
Natasha howls an incantation.
Natasha's front paws start to glow.
Natasha claws you.
* * * LOW HITPOINT WARNING * * *
You miss Natasha. The bat hits you but does no damage.
Natasha casts a spell at you.
You feel yourself slow down.
You closely miss Natasha. You barely miss the bat.
The bat hits you but does no damage. Natasha misses you.
Natasha barely misses you.
You barely miss Natasha. The bat barely misses you. Natasha claws you.
* * * LOW HITPOINT WARNING * * *
Natasha claws you.
You die...

### ######...
##.......
###.....# .
##..).h.## .#
#....@...#...
.....#........_.
... #......#...
# #..(.b## #
#..<...#
#..(.......
.............
#.##....[.(..# #
#.%........


You could see Natasha and a bat.

Vanquished Creatures
  2 dart slugs (D:1)
  A ball python (D:1)
  A giant cockroach (D:1)
  2 goblins
  3 hobgoblins (D:1)
  2 jackals (D:1)
  6 kobolds (D:1)
  A frilled lizard (D:1)
  2 rats (D:1)
20 creatures vanquished.

Vanquished Creatures (others)
  3 starspawn tentacles (Abyss:1)
3 creatures vanquished.

Grand Total: 23 creatures vanquished

Notes
Turn   | Place    | Note
-------+----------+-------------------------------------------
     0 | Abyss:1  | Borgoz the Gargoyle Abyssal Knight began the quest for the Orb.
     0 | Abyss:1  | Reached XP level 1. HP: 14/14 MP: 2/2
    66 | Abyss:1  | Noticed a crimson imp
    71 | Abyss:1  | Noticed a tentacled starspawn
    76 | D:1      | Escaped the Abyss
   372 | D:1      | Reached skill level 1 in Dodging
   372 | D:1      | Reached XP level 2. HP: 19/19 MP: 3/3
   551 | D:1      | Reached * piety under Lugonu
   908 | D:1      | Reached XP level 3. HP: 23/23 MP: 4/4
   914 | D:2      | Found a radiant altar of Vehumet.
   916 | D:2      | Noticed Natasha
   927 | D:2      | Slain by Natasha

Vault maps used:
D:1:      minmay_arrival_four_loops, minmay_cupped
D:2:      vehumet_crystals, marbit_many_paths, first_ration, uniq_natasha

Skill      XL: |  1  2 |
---------------+-------+-----
Dodging        | 1 |  1.2
Axes           | 2 |  2.1
Fighting       | |  3.5
Armour         | |  2.5
Invocations    | |  2.3

Action                   || total
-------------------------++-------
Melee: Hand axe          ||    59
Invok: Depart the Abyss  ||     1
Armor: Leather armour    ||    21
Dodge: Dodged            ||    41

Table legend:
 A = Spawn XP
 B = Non-spawn XP
 C = Spawn XP percentage of total XP
 D = Spawn monster count
 E = Non-spawn monster count
 F = Spawn count percentage of total count
 G = Total turns spent on level
                    A         B        C        D         E        F      G
               +---------+---------+-------+---------+---------+-------+---------
         Total |       0 |      37 |   0.0 |       0 |      20 |   0.0 |   927
               +---------+---------+-------+---------+---------+-------+---------
           D:1 |       0 |      35 |   0.0 |       0 |      19 |   0.0 |   837
           D:2 |       0 |       2 |   0.0 |       0 |       1 |   0.0 |    14
               +---------+---------+-------+---------+---------+-------+---------
